 Dungeon Crawl Stone Soup version 0.29-a0-323-g050149af67 (webtiles) character file.

Game seed: 15158844921431973329

317 oldriver the Cudgeller (level 6, -1/49 HPs)
             Began as a Demonspawn Abyssal Knight on Apr 10, 2022.
             Was a Believer of Lugonu.
             Slain by a hobgoblin (3 damage)
             ... on level 4 of the Dungeon.
             The game lasted 00:13:18 (3786 turns).

oldriver the Cudgeller (Demonspawn Abyssal Knight)  Turns: 3786, Time: 00:13:18

Health: -1/49      AC:  6    Str: 13    XL:     6   Next: 20%
Magic:  6/8        EV:  9    Int: 17    God:    Lugonu [**....]
Gold:   70         SH:  0    Dex: 16    Spells: 5/5 levels left

rFire   . . .      SeeInvis .   a - +2 mace
rCold   . . .      Faith    .   (no shield)
rNeg    . . .      Spirit   .   r - +0 scale mail
rPois   +          Reflect  .   (no helmet)
rElec   .          Harm     .   f - +0 cloak {rPois}
rCorr   .          Rampage  .   (no gloves)
Will    .....                   (no boots)
Stlth   ..........              (no amulet)
HPRegen 0.16/turn               g - +6 ring of intelligence
MPRegen 0.11/turn               (no ring)

@: corroded
A: slimy green scales 2, demonic magic 1, weakness stinger 1
a: Renounce Religion, Depart the Abyss, Bend Space


You were on level 4 of the Dungeon.
You worshipped Lugonu.
Lugonu was pleased with you.
You visited 1 branch of the dungeon, and saw 4 of its levels.
You visited the Abyss 1 time.

You collected 172 gold pieces.
You spent 102 gold pieces at shops.

Inventory:

Hand Weapons
 a - a +2 mace (weapon)
 b - a +0 hunting sling
Missiles
 l - 5 atropa-tipped darts
Armour
 f - a +0 cloak of poison resistance (worn)
 r - a +0 scale mail (worn)
Jewellery
 g - a +6 ring of intelligence (left hand)
Wands
 h - a wand of digging (3)
 j - a wand of flame (18)
Scrolls
 e - 5 scrolls of identify
 k - 5 scrolls of amnesia
 m - a scroll of blinking {unknown}
Potions
 c - 2 potions of attraction
 d - a potion of haste
 i - a potion of flight {unknown}


   Skills:
 + Level 4.4 Fighting
 * Level 4.6 Maces & Flails
 - Level 1.0 Slings
 - Level 2.0 Armour
 - Level 1.1 Dodging
 - Level 3.0 Invocations


You had 5 spell levels left.
You didn't know any spells.
Your spell library contained the following spells:

 Spells                   Type           Power      Damage    Failure   Level
 Foxfire                  Conj/Fire      0%         2x1d4     73%         1
 Shock                    Conj/Air       0%         1d3       73%         1
 Ensorcelled Hibernation  Hex/Ice        0%         N/A       86%         2
 Passwall                 Tmut/Erth      0%         N/A       86%         2
 Conjure Flame            Conj/Fire      0%         6-21      97%         3
 Inner Flame              Hex/Fire       0%         N/A       97%         3
 Swiftness                Air            0%         N/A       97%         3
 Airstrike                Air            0%         N/A       100%        4
 Flame Wave               Conj/Fire      0%         2d4       100%        4


Dungeon Overview and Level Annotations

Branches:
Dungeon (4/15)
 Temple: D:4-7

Altars:
Cheibriados
Fedhas

Shops:
D:2 *([!


Innate Abilities, Weirdness & Mutations

You are mostly covered in slimy green scales. (AC +3)
Spells you cast may paralyse adjacent enemies.
You have a small tail.


Message History

The jelly is lightly wounded.
The jelly hits you but does no damage.
You hit the jelly.
Your hands burn!
You tail-slap the jelly.
The jelly is heavily wounded.
The jelly hits you but does no damage.
You hit the jelly.
Your hands burn!
The jelly is heavily wounded.
The jelly hits you but does no damage. x3
You hit the jelly.
Your hands burn!
You tail-slap the jelly.
The jelly is severely wounded.
The jelly barely misses you. x2
You sock the jelly!
You kill the jelly!
Lugonu accepts your kill. The jelly barely misses you.
You hit the jelly.
Your hands burn!
You tail-slap the jelly, but do no damage.
The jelly is moderately wounded.
The jelly hits you.
You are splashed with acid!
You hit the jelly. The acid corrodes you!
Your hands burn!
You tail-slap the jelly, but do no damage.
The jelly is heavily wounded.
The jelly hits you.
You are splashed with acid!
* * * LOW HITPOINT WARNING * * *
Okay, then.
Space bends around you!
You blink.
A goblin comes into view. It is wielding a +0 dagger.
The goblin shouts!
A hobgoblin comes into view.
The hobgoblin shouts!
Space bends around you!
You blink.
A dart slug comes into view.
Found a potion of haste.
The hobgoblin hits you but does no damage.
Okay, then.
Okay, then.
Okay, then.
You closely miss the goblin.
Your tail-slap misses the goblin.
The goblin completely misses you. The hobgoblin hits you.
You die...

#######
#######.....########
#.....#.........#...
#.....#.....#...#...
#...!.#.....#...#...
#.....#.....#.......
#..w..#.....#..###'#
#.....#.....#..##...
#..@..#.....#.......
#.gg..#.....#.......
#.....#.....#..##...
#.....#.....#..#####
#..J..#.....#.......
#.....#.....#.......
#.ยง...#.....#..#####
#.....#.....#..#....
#...........##'#....


You could see a jelly, a dart slug, a hobgoblin and a goblin.

Vanquished Creatures
  Sigmund (D:3)
  A jelly (D:4)
  Ijyb (D:4)
  3 adders (D:2)
  A worm (D:2)
  A dart slug (D:1)
  An orc (D:3)
  5 endoplasms
  4 giant cockroaches
  5 goblins
  7 hobgoblins
  5 kobolds
  A quokka (D:1)
  6 ball pythons
  4 bats
  4 frilled lizards
  5 rats
55 creatures vanquished.

Notes
Turn   | Place    | Note
-------+----------+-------------------------------------------
     0 | Abyss:1  | oldriver the Demonspawn Abyssal Knight began the quest for
                  | the Orb.
     0 | Abyss:1  | Reached XP level 1. HP: 18/18 MP: 2/2
    26 | D:1      | Escaped the Abyss
    70 | D:1      | Reached skill level 1 in Dodging
   116 | D:1      | Found a faded altar of an unknown god.
   180 | D:1      | Reached ** piety under Lugonu
   184 | D:1      | Gained mutation: Spells you cast may paralyse adjacent
                  | enemies. [demonic ancestry]
   184 | D:1      | Reached XP level 2. HP: 20/24 MP: 4/4
  1090 | D:1      | Gained mutation: You are partially covered in slimy green
                  | scales. (AC +2) [demonic ancestry]
  1090 | D:1      | Reached XP level 3. HP: 29/29 MP: 5/5
  1857 | D:2      | Found Zeil's Antique Weapon Emporium.
  1867 | D:2      | Found Lefet's Assorted Antiques.
  2233 | D:2      | Reached XP level 4. HP: 24/35 MP: 6/6
  2332 | D:2      | Found Pealod's Armour Boutique.
  2340 | D:2      | Bought a +0 cloak of poison resistance for 102 gold pieces
  2358 | D:2      | Found Buqeawk's Distillery.
  2518 | D:2      | Reached skill level 1 in Slings
  2875 | D:3      | Noticed Sigmund
  2905 | D:3      | Found a snail-covered altar of Cheibriados.
  3105 | D:3      | Killed Sigmund
  3106 | D:3      | Gained mutation: You are mostly covered in slimy green
                  | scales. (AC +3) [demonic ancestry]
  3106 | D:3      | Reached XP level 5. HP: 39/42 MP: 7/7
  3515 | D:4      | Noticed Ijyb
  3538 | D:4      | Killed Ijyb
  3539 | D:4      | Gained mutation: You have a small tail. [demonic ancestry]
  3539 | D:4      | Reached XP level 6. HP: 38/49 MP: 8/8
  3772 | D:4      | Found a blossoming altar of Fedhas.
  3786 | D:4      | Slain by a hobgoblin

Illustrated notes

Levels and vault maps discovered:
D:1:      lightli_arrival_boilingwater, layout_basic,
          shapermc_ecumenical_altar_notcrosses
D:2:      layout_basic, serial_shops, nicolae_shop_competitors_out_of_business,
          nicolae_shop_trees, nicolae_shop_statue_plus,
          nicolae_shop_behind_doors
D:3:      layout_basic, old_standard_altar, st_stairs_8, uniq_sigmund
D:4:      old_forge, layout_gridville, general_overflow_altar, uniq_ijyb

Skill      XL: |  1  2  3  4 |
---------------+-------------+-----
Dodging        | 1 |  1.1
Maces & Flails | 2 4 |  4.6
Armour         | 2 |  2.0
Invocations    | 3 |  3.0
Slings         | 1 |  1.0
Fighting       | 4 |  4.4

Action                   |  1- 3 |  4- 6 || total
-------------------------+-------+-------++-------
Melee: Mace              |   104 |    76 ||   180
       Punch             |     1 |       ||     1
       Tailslap          |       |     4 ||     4
 Fire: Hunting sling     |    32 |     2 ||    34
Invok: Depart the Abyss  |     1 |       ||     1
       Bend Space        |     1 |     2 ||     3
  Use: Scroll            |     7 |     1 ||     8
       Potion            |       |     6 ||     6
Armor: Leather armour    |    33 |       ||    33
       Scale mail        |     3 |    40 ||    43
Dodge: Dodged            |    69 |    42 ||   111

Table legend: (Time is in decaauts)
 A = Elapsed time spent in this place.
 B = Non-inter-level travel time spent in this place.
 C = Inter-level travel time spent in this place.
 D = Time resting spent in this place.
 E = Time spent auto-exploring this place.
 F = Levels seen in this place.
 G = Mean time per level.
                   A        B        C        D        E       F      G
               +--------+--------+--------+--------+--------+-----+--------+
         Total |   3826 |   3629 |    197 |   1134 |   1580 |   5 |  765.2 |
       Dungeon |   3800 |   3603 |    197 |   1134 |   1580 |   4 |  950.0 |
         Abyss |     26 |     26 |      0 |      0 |      0 |   1 |   26.0 |
               +--------+--------+--------+--------+--------+-----+--------+

Top non-repeatable levels by time:
     D:1: 1591 daAuts
     D:2: 1294 daAuts
     D:3: 637 daAuts
     D:4: 276 daAuts
 Abyss:1: 26 daAuts
